Map: New Gettysburg LE

Players

oliM - Winner!

  • Race: Protoss Protoss
  • League: Master

biggamefishr

  • Race: Terran Terran
  • League: Master

VOD

Have the link to the VOD?

Description

Time

  • Played on: Oct. 20, 2016, 12:44 a.m.
  • Length: 3:54
Show
View Real Time Build Order
Export as new Build Order

oliM Protoss - Winner!

Build Orders: 1 Gate Expand 

Get SALT Encoding   

  12  0:02  Probe (Chrono Boost)  
  13  0:12  Probe (Chrono Boost)  
  14  0:18  Pylon  
  14  0:23  Probe (Chrono Boost)  
  15  0:37  Probe (Chrono Boost)  
  15  0:38  Gateway  
  16  0:47  Probe (Chrono Boost)  
  17  0:51  Assimilator  
  17  0:58  Probe (Chrono Boost)  
  18  1:08  Probe (Chrono Boost)  
  19  1:22  Nexus, Unknown  
  19  1:32  Cybernetics Core  
  19  1:36  Probe (Chrono Boost)  
  20  1:42  Assimilator  
  20  1:46  Probe (Chrono Boost)  
  21  1:55  Pylon  
  21  1:57  Probe (Chrono Boost)  
  23  2:09  Pylon x2  
  23  2:11  Pylon  
  23  2:14  Mothership Core (Chrono Boost)  
  24  2:19  Pylon  
  24  2:21  Stalker  
  26  2:29  Gateway  
  26  2:38  Pylon  
  26  2:46  Mothership Core (Chrono Boost)  
  26  2:53  Stalker  
  28  3:17  Stalker  
  30  3:21  Stalker  
  30  3:23  Pylon  
  32  3:30  Probe (Chrono Boost)  
  33  3:42  Probe (Chrono Boost)  
Show
View Real Time Build Order
Export as new Build Order

biggamefishr Terran 

Build Orders:  

Get SALT Encoding   

  12  0:01  SCV  
  13  0:13  SCV  
  14  0:25  Supply Depot  
  14  0:27  SCV  
  15  0:48  Barracks  
  15  0:58  Barracks  
  15  1:11  Barracks  
  15  1:16  SCV  
  16  1:34  SCV  
  16  1:36  Supply Depot  
  16  1:37  Marine  
  18  1:46  SCV  
  19  1:48  Marine  
  20  1:55  Marine  
  20  1:59  Marine  
  22  2:06  Marine  
  23  2:13  Marine  
  24  2:17  Marine  
  25  2:24  Marine  
  25  2:26  Supply Depot  
  26  2:31  Marine  
  26  2:33  Bunker  
  26  2:34  Marine  
  27  2:41  Marine  
  27  2:43  SCV  
  27  2:48  Marine  
  27  2:52  Marine  
  28  2:59  Marine  
  28  3:06  Marine  
  28  3:10  Marine  
  28  3:17  Marine  
  25  3:24  Marine  
  25  3:26  SCV  
  26  3:28  Marine  
  25  3:35  Marine  
Tags
 
Add a new tag
Caveats
  • Supply blocks, unpowered buildings, or Contaminate may cause inaccurate times.
  • Supply counts are checked every 10 seconds.